 Dungeon Crawl Stone Soup version 0.16-a0-44-gd96af6c (webtiles) character file.

456 Ololoev the Bolt Thrower (level 6, -9/47 HPs)
             Began as a Centaur Arcane Marksman on Aug 5, 2014.
             Mangled by an ogre
             ... wielding a +0 giant club
              (22 damage)
             ... on Level 4 of the Dungeon.
             The game lasted 00:15:33 (5076 turns).

Ololoev the Bolt Thrower (Centaur Arcane Marksman)  Turns: 5076, Time: 00:15:33

HP  -9/47        AC  8     Str 13      XL: 6   Next: 77%
MP   7/7         EV  3     Int 12      God:
Gold 116         SH  0     Dex 11      Spells:  2 memorised,  3 levels left

rFire  . . .     SeeInvis .     m - +0 short sword (freeze)
rCold  + . .     Clarity  .     y - +0 chain mail {rC+}
rNeg   . . .     rCorr    .     (no shield)
rPois  .         rRot     .     (no helmet)
rElec  .         Spirit   .     (no cloak)
SustAb .         Warding  .     s - +0 pair of gloves
rMut   .         Stasis   .     (no barding)
Gourm  .                        (no amulet)
MR     .....                    (no ring)
                                (no ring)

@: very slightly contaminated, very quick, not resistant to hostile
enchantments, extremely unstealthy
A: hooves 3, deformed body, speed 2, tough skin 3
a: no special abilities


You were on level 4 of the Dungeon.
You were not hungry.

You visited 1 branch of the dungeon, and saw 4 of its levels.

You collected 116 gold pieces.

Inventory:

Hand weapons
 b - a +0 hand crossbow
 m - a +0 short sword of freezing (weapon)
Missiles
 c - 20 bolts
Armour
 s - a +0 pair of gloves (worn)
 y - a +0 chain mail of cold resistance (worn)
Comestibles
 a - a meat ration
 f - 3 bread rations
 g - a fruit
 v - 3 chunks of human flesh
 w - a chunk of orc flesh
Scrolls
 e - 2 scrolls of blinking {unknown}
 i - 3 scrolls of remove curse {unknown}
 l - a scroll of noise {unknown}
 p - a scroll of recharging {unknown}
 r - 2 scrolls of fog {unknown}
 t - a scroll of enchant weapon {unknown}
 u - a scroll of identify {unknown}
 x - a scroll of fear {unknown}
Potions
 h - 3 potions of curing {unknown}
 j - a potion of confusion {unknown}
 k - a potion of restore abilities {unknown}
 n - a potion of poison {unknown}
 o - a potion of heal wounds {unknown}
 q - 2 potions of cancellation {unknown}
Books
 d - a book of Debilitation

   Spells                             Type                      Level
   *Corona                            Hexes                        1
   Slow                               Hexes                        2
   *Inner Flame                       Hexes/Fire                   3
   Enslavement                        Hexes                        4
   Cause Fear                         Hexes                        4
   Leda's Liquefaction                Hexes/Earth                  4


   Skills:
 - Level 1.0 Fighting
 * Level 6.5 Crossbows
 - Level 1.3 Dodging
 - Level 1.0 Spellcasting
 - Level 4.0 Hexes
 - Level 2.2 Fire Magic


You had 3 spell levels left.
You knew the following spells:

 Your Spells              Type           Power        Failure   Level  Hunger
a - Corona                Hex            ##.....      100%        1    ##.....
b - Inner Flame           Hex/Fire       #.......     100%        3    ####...


Dungeon Overview and Level Annotations

Branches:
Dungeon (4/15)
 Temple: D:4-7

Altars:
Gozag
Zin


Innate Abilities, Weirdness & Mutations

You have hooves in place of feet.
Armour fits poorly on your strangely shaped body.
You cover ground very quickly.
You have extremely tough skin (AC +3).


Message History

* * * LOW HITPOINT WARNING * * *
The bat hits you.
* * * LOW HITPOINT WARNING * * *
You closely miss the bat. You kick the bat.
The bat is moderately wounded.
The bat barely misses you. The bat barely misses you.
The bat hits you but does no damage. The bat hits you but does no damage.
The bat hits you but does no damage. The bat hits you but does no damage.
You see here a bolt.
The bat hits you but does no damage. The bat hits you.
* * * LOW HITPOINT WARNING * * *
The bat hits you but does no damage.
You hit the bat. You freeze the bat.
You kill the bat!
The ogre hits you with a giant club!!
You die...

#)# ######## #.#
########.#######..
........)..........
.##.####.#######....
#.# ..... #.# ......
###'#### ......
#....@.####......
#.....O%.........#
#...%....(.#######
#......#.#.......#
#####..._......#+#'
#...#.#..........
#.........(.....
#......##+#...?.
####......# .....


You could see an ogre.

Vanquished Creatures
  Edmund (D:4)
  An ice beast (D:3)
  The ghost of ciphuk the Ducker, a weakling FeBe of Trog (D:3)
  An orc priest (D:4)
  An orc wizard (D:4)
  Jessica (D:2)
  6 adders
  3 worms
  3 giant geckos
  2 oozes
  3 orcs (D:4)
  A ball python (D:1)
  6 giant cockroaches
  7 goblins
  10 hobgoblins
  2 jackals (D:2)
  8 kobolds
  3 quokkas
  7 bats
  12 rats
79 creatures vanquished.

Notes
Turn   | Place    | Note
--------------------------------------------------------------
     0 | D:1      | Ololoev, the Centaur Arcane Marksman, began the quest for the Orb.
     0 | D:1      | Reached XP level 1. HP: 16/16 MP: 2/2
   285 | D:1      | Reached XP level 2. HP: 18/23 MP: 3/3
   453 | D:1      | Reached skill level 3 in Hexes
   945 | D:2      | Reached XP level 3. HP: 23/28 MP: 4/4
   968 | D:2      | HP: 1/28 [kobold (3)]
  1434 | D:2      | Noticed Jessica
  1440 | D:2      | Killed Jessica
  1569 | D:2      | Reached XP level 4. HP: 15/35 MP: 3/4
  2298 | D:2      | Reached skill level 4 in Crossbows
  3111 | D:2      | Found a glowing silver altar of Zin.
  3319 | D:2      | Learned a level 3 spell: Inner Flame
  3512 | D:3      | Noticed an ice beast
  3554 | D:3      | Noticed ciphuk's ghost (weakling FeBe)
  3633 | D:3      | Killed ciphuk's ghost
  3633 | D:3      | Reached XP level 5. HP: 18/40 MP: 6/6
  3728 | D:3      | Killed an ice beast
  3728 | D:3      | Reached skill level 5 in Crossbows
  3728 | D:3      | Reached skill level 1 in Fire Magic
  4414 | D:3      | Reached XP level 6. HP: 45/47 MP: 7/7
  4727 | D:4      | Noticed Edmund
  4825 | D:4      | Killed Edmund
  4825 | D:4      | Reached skill level 6 in Crossbows
  4894 | D:4      | Found an opulent altar of Gozag.
  5076 | D:4      | Mangled by an ogre

Action                   |  1- 3 |  4- 6 || total
-------------------------+-------+-------++-------
Melee: Short sword       |    76 |   143 ||   219
 Fire: Hand crossbow     |    14 |    93 ||   107
 Cast: Corona            |    10 |    20 ||    30
  Eat: Chunk             |     1 |     2 ||     3
       Bread ration      |       |     1 ||     1
       Meat ration       |       |     1 ||     1
